 Seeded DCSS version 0.26.1-11-gd32895ea62 (webtiles) character file.

Game seed: 12899211509202430853 (custom seed)

1358 oldmanjim the Stinger (level 8, -4/58 HPs)
             Began as a Merfolk Venom Mage on Oct 3, 2021.
             Was a Believer of Okawaru.
             Slain by Pikel
             ... wielding a +1 whip of freezing
              (5 damage)
             ... on level 7 of the Dungeon.
             The game lasted 01:30:24 (8614 turns).

oldmanjim the Stinger (Merfolk Venom Mage)          Turns: 8614, Time: 01:30:24

Health: -4/58      AC:  4    Str:  8    XL:     8   Next: 64%
Magic:  17/23      EV: 15    Int: 17    God:    Okawaru [**....]
Gold:   426        SH:  0    Dex: 14    Spells: 3/15 levels left

rFire    . . .     SeeInvis .   b - +8 trident of the Octopus King {venom, rElec rPois Will+}
rCold    . . .     Faith    .   (no shield)
rNeg     . . .     Spirit   .   c - +0 robe
rPois    +         Reflect  .   u - +0 helmet
rElec    +         Harm     .   (no cloak)
rCorr    .         Rampage  .   (no gloves)
Will     +....                  N - +0 pair of boots {Stlth+}
Stlth    ++++......             F - amulet of magic regeneration
HPRegen  0.19/turn              r - ring of magical power
MPRegen  0.43/turn              q - ring of wizardry

@: no status effects
A: change form in water, swift swim, stealthy swim
a: Renounce Religion, Heroism


You were on level 7 of the Dungeon.
You worshipped Okawaru.
Okawaru was pleased with you.
You visited 1 branch of the dungeon, and saw 7 of its levels.
You also visited: Sewer.

You collected 426 gold pieces.

Inventory:

Hand Weapons
 a - the +9 staff of Olgreb {rPois∞}
   (You found it on level 4 of the Dungeon)

   It grants immunity to poison.
 b - the +8 trident of the Octopus King (weapon) {venom, rElec rPois Will+}
   (You found it on level 5 of the Dungeon)

   It poisons the flesh of those it strikes.
   It insulates you from electricity.
   It protects you from poison.
   It affects your willpower, your defense against some magical effects.
Missiles
 e - 4 curare-tipped darts (quivered)
 v - 4 poisoned darts
 z - 2 boomerangs
 J - 51 arrows
Armour
 c - a +0 robe (worn)
 g - +0 acid dragon scales
 u - a +0 helmet (worn)
 N - a +0 pair of boots of stealth (worn)
Jewellery
 d - an uncursed ring of ice
 q - a ring of wizardry (right hand)
 r - a ring of magical power (left hand)
 F - an amulet of magic regeneration (around neck)
 I - an uncursed ring of stealth
Wands
 f - a wand of disintegration (21)
 h - a wand of paralysis (6)
 k - a wand of flame (25)
 E - a wand of polymorph (12)
 G - a wand of digging (3)
Scrolls
 l - 3 scrolls of teleportation
 m - 5 scrolls of remove curse
 n - a scroll of fear {unknown}
 y - a scroll of enchant weapon
 C - a scroll of immolation
 D - a scroll of magic mapping {unknown}
 L - a scroll of holy word {unknown}
Potions
 i - 7 potions of flight
 o - a potion of lignification
 p - 3 potions of curing
 s - a potion of might
 t - a potion of resistance
 x - a potion of magic
 H - a potion of haste {unknown}
 K - a potion of attraction
 M - a potion of brilliance {unknown}


   Skills:
 - Level 3.0 Fighting
 - Level 5.0 Polearms
 - Level 5.0 Dodging
 - Level 4.0 Stealth
 - Level 4.0 Spellcasting
 * Level 1.2 Summonings
 - Level 1.7 Transmutations
 - Level 1.0 Air Magic
 - Level 5.0 Poison Magic
 - Level 4.0 Invocations
 + Level 3.8 Evocations


You had 3 spell levels left.
You knew the following spells:

 Your Spells              Type           Power        Failure   Level
a - Sting                 Tmut/Pois      56%          1%          1
b - Poisonous Vapours     Pois/Air       26%          2%          2
c - Mephitic Cloud        Conj/Pois/Air  10%          9%          3
d - Olgreb's Toxic Radia  Pois           20%          9%          4
e - Call Imp              Summ           7%           6%          2

Your spell library contained the following spells:

 Spells                   Type           Power        Failure   Level
 Summon Small Mammal      Summ           28%          4%          1
 Animate Skeleton         Necr           6%           6%          1
 Apportation              Tloc           6%           6%          1
 Corona                   Hex            3%           6%          1
 Ignite Poison            Fire/Tmut/Pois 10%          8%          3
 Call Canine Familiar     Summ           7%           12%         3
 Summon Guardian Golem    Hex/Summ       5%           16%         3
 Summon Lightning Spire   Summ/Air       7%           36%         4
 Summon Ice Beast         Ice/Summ       5%           43%         4


Dungeon Overview and Level Annotations

Branches:
Dungeon (7/15)             Temple (0/1) D:6           Sewer (visited)

Altars:
Elyvilon
Fedhas
Kikubaaqudgha
Nemelex Xobeh
Okawaru
Qazlal
Trog
Zin

Annotations:
D:7 Pikel


Message History

You puncture the ufetubus!
You kill the ufetubus!
Okawaru accepts your kill. Pikel hits you but does no damage.
A lemure comes into view.
You completely miss Pikel.
Pikel is heavily wounded.
Pikel hits you with a +1 whip of freezing!
Pikel freezes you.
You hit Pikel.
Pikel looks as sick as possible!
Pikel is heavily wounded.
Pikel closely misses you.
Pikel hits you with a +1 whip of freezing!
* * * LOW HITPOINT WARNING * * *
Pikel freezes you!
* * * LOW HITPOINT WARNING * * *
Pikel hits you with a +1 whip of freezing!
* * * LOW HITPOINT WARNING * * *
Pikel freezes you.
You die...

#.# #.# .#
#.# . #.# .
###.#.# #.
#...#.#5...
#..<5...#
#...#.#.#
#@K.# #
#...#
.....#
##.#....
#.#.....
#.#....?.#
#.........
#..#.###.#


You could see Pikel (berserk, extremely poisoned) and 2 lemures.

Vanquished Creatures
  Maggie (D:6)
  An ice beast (D:6)
  2 ogres
  A lemure (D:7)
  3 bullfrogs
  2 scorpions
  A jelly (D:5)
  An orc priest (D:4)
  A gnoll shaman (D:4)
  An iguana (D:5)
  Terence (D:2)
  3 worker ants
  A hound skeleton (D:4)
  Robin (D:3)
  4 gnolls (D:4)
  6 adders
  A river rat (D:3)
  An ufetubus (D:7)
  7 oozes
  4 adder skeletons
  5 worms
  3 dart slugs
  7 leopard geckos
  12 orcs
  11 bats
  8 giant cockroaches
  12 goblins
  8 hobgoblins
  13 jackals
  2 quokkas
  5 ball pythons
  6 frilled lizards
  3 kobolds
  A leopard gecko skeleton (D:6)
  A leopard gecko zombie (D:5)
  4 rats
144 creatures vanquished.

Notes
Turn   | Place    | Note
-------+----------+-------------------------------------------
     0 | D:1      | oldmanjim the Merfolk Venom Mage began the quest for the
                  | Orb.
     0 | D:1      | Reached XP level 1. HP: 13/13 MP: 3/3
   456 | D:1      | Reached XP level 2. HP: 19/19 MP: 3/5
   459 | D:1      | Learned a level 2 spell: Poisonous Vapours
  1467 | D:2      | Reached XP level 3. HP: 24/24 MP: 1/6
  1471 | D:2      | Learned a level 3 spell: Mephitic Cloud
  1541 | D:2      | Reached skill level 1 in Air Magic
  1562 | D:2      | Noticed Terence
  1586 | D:2      | Killed Terence
  2033 | D:2      | Reached skill level 1 in Fighting
  2033 | D:2      | Reached XP level 4. HP: 32/32 MP: 1/7
  2540 | D:3      | Noticed Robin
  2552 | D:3      | Found a glowing drain.
  2559 | D:3      | Killed Robin
  2560 | D:3      | Reached XP level 5. HP: 31/38 MP: 2/8
  2608 | Sewer    | Entered a sewer
  3599 | Sewer    | Learned a level 4 spell: Olgreb's Toxic Radiance
  4769 | D:4      | Found the +9 staff of Olgreb {rPois∞}
  4895 | D:4      | Found a glowing silver altar of Zin.
  4900 | D:4      | Found a bloodstained altar of Trog.
  4971 | D:4      | Found an ancient bone altar of Kikubaaqudgha.
  4972 | D:4      | Found a white marble altar of Elyvilon.
  4974 | D:4      | Found a sparkling altar of Nemelex Xobeh.
  4974 | D:4      | Found an iron altar of Okawaru.
  4990 | D:4      | Reached XP level 6. HP: 34/44 MP: 10/10
  5068 | D:4      | Became a worshipper of Warmaster Okawaru
  5177 | D:4      | Found a stormy altar of Qazlal.
  5291 | D:4      | Reached skill level 5 in Poison Magic
  5722 | D:4      | Reached skill level 1 in Invocations
  5771 | D:4      | Reached skill level 1 in Evocations
  5947 | D:5      | Entered Level 5 of the Dungeon
  5963 | D:5      | Reached XP level 7. HP: 50/50 MP: 8/12
  6165 | D:5      | Found the +8 trident of the Octopus King {venom, rElec
                  | rPois Will+}
  6770 | D:5      | Reached skill level 1 in Polearms
  7128 | D:6      | Reached * piety under Okawaru
  7549 | D:6      | Reached XP level 8. HP: 43/57 MP: 10/14
  7658 | D:6      | Found a staircase to the Ecumenical Temple.
  7842 | D:6      | Noticed Maggie
  7854 | D:6      | Killed Maggie
  7854 | D:6      | Reached ** piety under Okawaru
  7855 | D:6      | Reached skill level 5 in Dodging
  7977 | D:6      | Reached skill level 5 in Polearms
  8108 | D:6      | Found a blossoming altar of Fedhas.
  8312 | D:7      | Learned a level 2 spell: Call Imp
  8328 | D:7      | Noticed a green ugly thing
  8363 | D:7      | Reached skill level 1 in Summonings
  8601 | D:7      | Noticed Pikel
  8614 | D:7      | HP: 1/58 [Pikel/+1 whip of freezing (10)]
  8614 | D:7      | Slain by Pikel

Illustrated notes

Levels and vault maps discovered:
D:1:      giann_bridges, layout_basic
D:2:      layout_loops_ring, uniq_terence
D:3:      layout_loops_ring, portal_sewer_entry_b, uniq_robin
D:4:      layout_basic, nicolae_overflow_crystal_walls,
          chequers_temple_overflow_statue_of_worship,
          grunt_temple_overflow_open, hangedman_decor_push
D:5:      layout_gridville
D:6:      layout_loops_cross, kennysheep_little_box,
          minmay_temple_entry_glassed_door, uniq_maggie
D:7:      layout_basic, gammafunk_ghost_necromancy, fountainhead, uniq_pikel,
          uniq_menkaure

Skill      XL: |  1  2  3  4  5  6  7  8 |
---------------+-------------------------+-----
Dodging        | 3 4 5 |  5.0
Air Magic      | 1 |  1.0
Stealth        | 3 4 |  4.0
Fighting       | 1 2 3 |  3.0
Poison Magic   | 4 5 |  5.0
Spellcasting   | 3 4 |  4.0
Invocations    | 1 3 4 |  4.0
Evocations     | 1 3 |  3.8
Polearms       | 4 5 |  5.0
Summonings     | 1 |  1.2
Transmutations | |  1.7

Action                   |  1- 3 |  4- 6 |  7- 9 || total
-------------------------+-------+-------+-------++-------
Melee: Unarmed           |    17 |       |       ||    17
       Whip              |    12 |       |       ||    12
       Dagger            |     5 |   126 |       ||   131
       Staff             |       |    18 |    12 ||    30
       Tailslap          |       |     3 |       ||     3
       Trident           |       |       |    32 ||    32
 Fire: Hunting sling     |       |       |     4 ||     4
Throw: Dart              |     1 |       |       ||     1
 Cast: Sting             |    32 |    40 |    16 ||    88
       Poisonous Vapours |    11 |    57 |    26 ||    94
       Olgreb's Toxic Ra |       |     3 |     4 ||     7
       Mephitic Cloud    |       |       |     2 ||     2
Evoke: Staff of Olgreb   |       |       |     2 ||     2
  Use: Scroll            |     4 |     6 |     4 ||    14
 Stab: Sleeping          |       |     2 |       ||     2
       Confused          |       |       |     2 ||     2
Armor: Robe              |     8 |    54 |     3 ||    65
Dodge: Dodged            |    47 |   173 |    35 ||   255
